TOP OF THE 1ST |
Myrtle Beach Pelicans batting - Pitching for Modesto Nuts : RHP Logan Ramsey
|
Pitching: RHP Logan Ramsey
|
|
Batting: LHB Nate Greening
|
0-0: Called Strike 0-1: Called Strike 0-2: Ball 1-2: Ball 2-2: Foul Ball, location: 2F 2-2: Foul Ball, location: 2F 2-2: Ground out 4-3 (Groundball, 4, EV 78.1 MPH)
|
Batting: RHB Du Kim
|
0-0: Ground out 6-3 (Groundball, 6, EV 87.5 MPH)
|
Batting: RHB Juan Bonilla
|
0-0: Foul Ball, location: 2F 0-1: Ball 1-1: Ball 2-1: Called Strike 2-2: Foul Ball, location: 2F 2-2: Ball 3-2: Ground out 1-3 (Groundball, 13, EV 67.5 MPH)
|
Top of the 1st over - 0 runs, 0 hits, 0 errors, 0 left on base; Myrtle Beach 0 - Modesto 0 |
BOTTOM OF THE 1ST |
Modesto Nuts batting - Pitching for Myrtle Beach Pelicans : LHP Mike Anderson
|
Pitching: LHP Mike Anderson
|
|
Batting: SHB Ken Griffey IV
|
0-0: Called Strike 0-1: Foul Ball, location: 2F 0-2: Ball 1-2: Ground out 5-3 (Groundball, 56, EV 76.2 MPH)
|
Batting: SHB Brad Madden
|
0-0: Ball 1-0: Ball 2-0: Foul Ball, location: 2F 2-1: Foul Ball, location: 2F 2-2: Strikes out swinging
|
Batting: LHB Mick Tucker
|
0-0: Fly out, F3 (Popup, 3SF, EV 71.9 MPH)
|
Bottom of the 1st over - 0 runs, 0 hits, 0 errors, 0 left on base; Myrtle Beach 0 - Modesto 0 |
TOP OF THE 2ND |
Myrtle Beach Pelicans batting - Pitching for Modesto Nuts : RHP Logan Ramsey
|
Batting: RHB Josh Asch
|
0-0: DOUBLE (Groundball, 3L, EV 103.1 MPH)
|
Batting: LHB Daigo Ishii
|
0-0: Called Strike 0-1: SINGLE (Groundball, 25, EV 68.8 MPH) (infield hit) Josh Asch to third
|
Batting: RHB Taylor Garofalo
|
0-0: Ball 1-0: Called Strike 1-1: Called Strike 1-2: Grounds into double play, 4-6-3 (Groundball, 4, EV 79.4 MPH) Josh Asch scores
|
Batting: RHB Roy Battist
|
0-0: Ball 1-0: Swinging Strike 1-1: Ball 2-1: Foul Ball, location: 2F 2-2: Ball 3-2: DOUBLE (Flyball, 89D, EV 108.8 MPH)
|
Batting: LHB Emir Jalil
|
0-0: Foul Ball, location: 2F 0-1: Foul Ball, location: 2F 0-2: Ball 1-2: Ball 2-2: Ground out 1-3 (Groundball, 34S, EV 69.4 MPH)
|
Top of the 2nd over - 1 run, 3 hits, 0 errors, 1 left on base; Myrtle Beach 1 - Modesto 0 |
BOTTOM OF THE 2ND |
Modesto Nuts batting - Pitching for Myrtle Beach Pelicans : LHP Mike Anderson
|
Batting: RHB Wali Mulogo
|
0-0: Foul Ball, location: 2F 0-1: Called Strike 0-2: Foul Ball, location: 2F 0-2: SINGLE (Line Drive, 56, EV 101.2 MPH)
|
Batting: RHB Ray Insley
|
0-0: Called Strike 0-1: Swinging Strike 0-2: Ball 1-2: Ball 2-2: Foul Ball, location: 2F 2-2: Foul Ball, location: 2F 2-2: Ball 3-2: SINGLE (Flyball, 78S, EV 86.9 MPH) Wali Mulogo to second
|
Batting: RHB Seisaburo Edagawa
|
0-0: Called Strike 0-1: Ball 1-1: Foul Ball, location: 2F 1-2: Ball 2-2: Ball 3-2: Foul Ball, location: 2F 3-2: TRIPLE (Flyball, 89XD, EV 96.9 MPH) Wali Mulogo scores Ray Insley scores
|
Batting: SHB Craig Ruzic
|
0-0: SINGLE (Line Drive, 8LS, EV 106.2 MPH) Seisaburo Edagawa scores
|
Batting: RHB Carlos de Jesus
|
0-0: Called Strike 0-1: Ball 1-1: Ball 2-1: Ball 3-1: Base on Balls Craig Ruzic to second
|
Batting: LHB Tom Bemis
|
0-0: Ball 1-0: Ball 2-0: Called Strike 2-1: SINGLE (Line Drive, 9S, EV 96.2 MPH) Craig Ruzic to third Carlos de Jesus to second
|
Batting: SHB Ken Griffey IV
|
0-0: Called Strike 0-1: Fly out, F7 (Flyball, 78M, EV 89.4 MPH) Runner from 3rd tags up, SCORES, throw by LF Carlos de Jesus to third
|
Batting: SHB Brad Madden
|
0-0: Grounds into double play, 6-4-3 (Groundball, 6, EV 91.2 MPH)
|
Bottom of the 2nd over - 4 runs, 5 hits, 0 errors, 1 left on base; Myrtle Beach 1 - Modesto 4 |
TOP OF THE 3RD |
Myrtle Beach Pelicans batting - Pitching for Modesto Nuts : RHP Logan Ramsey
|
Batting: RHB Denis Rachin
|
0-0: Ball 1-0: Reached on error, E5 (Groundball, 56, EV 83.1 MPH)
|
Batting: LHB Nate Greening
|
0-0: Foul Ball, location: 2F 0-1: Foul Ball, location: 2F 0-2: Foul Ball, location: 2F 0-2: Ball 1-2: Ball 2-2: Ball 3-2: Base on Balls
|
Batting: RHB Du Kim
|
0-0: Called Strike 0-1: Ball Passed Ball! Denis Rachin to third Nate Greening to second 1-1: Ball 2-1: Ball 3-1: Base on Balls
|
Batting: RHB Juan Bonilla
|
0-0: Ball 1-0: Ball 2-0: Called Strike 2-1: Ball 3-1: Base on Balls Denis Rachin scores Nate Greening to third Du Kim to second
|
Batting: RHB Josh Asch
|
0-0: Foul Ball, location: 2F 0-1: Fielders Choice at 2nd, 5-4 (Groundball, 56, EV 88.1 MPH) Nate Greening scores Du Kim to third
|
Batting: LHB Daigo Ishii
|
0-0: Fly out, F2 (Popup, 5SF, EV 71.9 MPH)
|
Batting: RHB Taylor Garofalo
|
0-0: Ball Josh Asch steals 2nd, throwing error, E2 Du Kim scores Josh Asch to third 1-0: Ball 2-0: Ball 3-0: Called Strike 3-1: Called Strike 3-2: Base on Balls
|
Batting: RHB Roy Battist
|
0-0: Foul Ball, location: 2F 0-1: Called Strike 0-2: Ball 1-2: Strikes out swinging
|
Top of the 3rd over - 3 runs, 0 hits, 2 errors, 2 left on base; Myrtle Beach 4 - Modesto 4 |
BOTTOM OF THE 3RD |
Modesto Nuts batting - Pitching for Myrtle Beach Pelicans : LHP Mike Anderson
|
Batting: LHB Mick Tucker
|
0-0: SINGLE (Line Drive, 9LS, EV 88.1 MPH)
|
Batting: RHB Wali Mulogo
|
0-0: Ball 1-0: Fly out, F8 (Line Drive, 8LD, EV 86.9 MPH)
|
Batting: RHB Ray Insley
|
0-0: Ball 1-0: Foul Ball, location: 2F 1-1: Ball 2-1: Ball 3-1: Base on Balls Mick Tucker to second
|
Batting: RHB Seisaburo Edagawa
|
0-0: Foul Ball, location: 2F 0-1: Ball 1-1: DOUBLE (Groundball, 3L, EV 98.1 MPH) Mick Tucker scores Ray Insley to third
|
Batting: SHB Craig Ruzic
|
0-0: Ball 1-0: Ball 2-0: Ball 3-0: Base on Balls
|
Batting: RHB Carlos de Jesus
|
0-0: Ball 1-0: Ball 2-0: Foul Ball, location: 2F 2-1: SINGLE (Line Drive, 4MD, EV 104.4 MPH) Ray Insley scores Seisaburo Edagawa to third Craig Ruzic to second
|
Pitching: RHP Roberto Cruz
|
|
Batting: LHB Tom Bemis
|
0-0: Fly out, F4 (Line Drive, 4, EV 63.1 MPH)
|
Batting: SHB Ken Griffey IV
|
0-0: Ball 1-0: Ball 2-0: Ball 3-0: Called Strike 3-1: Fly out, F9 (Flyball, 89D, EV 103.1 MPH)
|
Bottom of the 3rd over - 2 runs, 3 hits, 0 errors, 3 left on base; Myrtle Beach 4 - Modesto 6 |
TOP OF THE 4TH |
Myrtle Beach Pelicans batting - Pitching for Modesto Nuts : RHP Logan Ramsey
|
Batting: LHB Emir Jalil
|
0-0: Ball 1-0: SINGLE (Groundball, 4MD, EV 108.1 MPH)
|
Batting: RHB Denis Rachin
|
0-0: Ball 1-0: Ball 2-0: Called Strike 2-1: Ball 3-1: Foul Ball, location: 2F 3-2: Ground out 5-3 (Groundball, 56S, EV 91.2 MPH) Emir Jalil to second
|
Batting: LHB Nate Greening
|
0-0: Foul Ball, location: 2F 0-1: Ball 1-1: Ground out 4-3 (Groundball, 4S, EV 77.5 MPH) Emir Jalil to third
|
Batting: RHB Du Kim
|
0-0: Foul Ball, location: 2F 0-1: DOUBLE (Flyball, 78D, EV 102.5 MPH) Emir Jalil scores
|
Pitching: RHP David Landa
|
|
Batting: RHB Juan Bonilla
|
0-0: Called Strike 0-1: Ball 1-1: Called Strike 1-2: Ball 2-2: DOUBLE (Line Drive, 9LM, EV 101.9 MPH) Du Kim scores
|
Pitching: RHP Tanner Brazeal
|
|
Batting: RHB Josh Asch
|
0-0: SINGLE (Groundball, 4D, EV 105.6 MPH) Juan Bonilla to third
|
Batting: LHB Daigo Ishii
|
0-0: Called Strike 0-1: Ball 1-1: Fly out, F8 (Flyball, 89M, EV 98.1 MPH)
|
Top of the 4th over - 2 runs, 4 hits, 0 errors, 2 left on base; Myrtle Beach 6 - Modesto 6 |
BOTTOM OF THE 4TH |
Modesto Nuts batting - Pitching for Myrtle Beach Pelicans : RHP Roberto Cruz
|
Batting: SHB Brad Madden
|
0-0: Called Strike 0-1: Ball 1-1: Ball 2-1: Foul Ball, location: 2F 2-2: Ball 3-2: DOUBLE (Line Drive, 5D, EV 97.5 MPH)
|
Batting: LHB Mick Tucker
|
0-0: Called Strike 0-1: Ball 1-1: Fly out, F7 (Flyball, 7, EV 90.0 MPH)
|
Batting: RHB Wali Mulogo
|
0-0: Swinging Strike 0-1: Called Strike 0-2: Foul Ball, location: 2F 0-2: Strikes out swinging
|
Pitching: RHP Melvin Orengo
|
|
Batting: RHB Ray Insley
|
0-0: Ball 1-0: Called Strike 1-1: Ball 2-1: Foul Ball, location: 2F 2-2: Strikes out looking
|
Bottom of the 4th over - 0 runs, 1 hit, 0 errors, 1 left on base; Myrtle Beach 6 - Modesto 6 |
TOP OF THE 5TH |
Myrtle Beach Pelicans batting - Pitching for Modesto Nuts : RHP Tanner Brazeal
|
Batting: RHB Taylor Garofalo
|
0-0: Called Strike 0-1: Called Strike 0-2: Ball 1-2: Foul Ball, location: 2F 1-2: Ball 2-2: Fly out, F4 (Popup, 13, EV 85.0 MPH)
|
Batting: RHB Roy Battist
|
0-0: Foul Ball, location: 2F 0-1: Ball 1-1: Foul Ball, location: 2F 1-2: Foul Ball, location: 2F 1-2: SINGLE (Line Drive, 34D, EV 96.2 MPH)
|
Batting: LHB Emir Jalil
|
0-0: Ball 1-0: Ball 2-0: Swinging Strike 2-1: Ball 3-1: Base on Balls Roy Battist to second
|
Batting: RHB Denis Rachin
|
0-0: Hit by Pitch Roy Battist to third Emir Jalil to second
|
Batting: LHB Nate Greening
|
0-0: Ball 1-0: Foul Ball, location: 2F 1-1: Fly out, F9 (Flyball, 9, EV 91.2 MPH)
|
Batting: RHB Du Kim
|
0-0: Ball 1-0: Fly out, F1 (Line Drive, P, EV 70.6 MPH)
|
Top of the 5th over - 0 runs, 1 hit, 0 errors, 3 left on base; Myrtle Beach 6 - Modesto 6 |
BOTTOM OF THE 5TH |
Modesto Nuts batting - Pitching for Myrtle Beach Pelicans : RHP Melvin Orengo
|
Pinch Hitting: SHB Jeff Sorrels
|
0-0: Ground out 4-3 (Groundball, 34D, EV 99.4 MPH)
|
Batting: SHB Craig Ruzic
|
0-0: Ball 1-0: Called Strike 1-1: Swinging Strike 1-2: Ball 2-2: Strikes out looking
|
Batting: RHB Carlos de Jesus
|
0-0: Ball 1-0: Ball 2-0: Foul Ball, location: 2F 2-1: Foul Ball, location: 2F 2-2: Ball 3-2: Base on Balls
|
Batting: LHB Tom Bemis
|
0-0: Foul Ball, location: 2F 0-1: 2-RUN HOME RUN (Flyball, 89XD, EV 102.5 MPH), Distance : 406 ft
|
Pitching: RHP Angel Pesina
|
|
Batting: SHB Ken Griffey IV
|
0-0: DOUBLE (Line Drive, 89D, EV 103.8 MPH)
|
Batting: SHB Brad Madden
|
0-0: Called Strike 0-1: Called Strike 0-2: Ball 1-2: Fly out, F8 (Flyball, 78M, EV 91.2 MPH)
|
Bottom of the 5th over - 2 runs, 2 hits, 0 errors, 1 left on base; Myrtle Beach 6 - Modesto 8 |
TOP OF THE 6TH |
Myrtle Beach Pelicans batting - Pitching for Modesto Nuts : RHP Tanner Brazeal
|
Now at SS: Gashie Chimsima
|
|
Now in RF: Craig Ruzic
|
|
Batting: RHB Juan Bonilla
|
0-0: Ball 1-0: DOUBLE (Line Drive, 89D, EV 103.8 MPH)
|
Batting: RHB Josh Asch
|
0-0: Ball 1-0: Foul Ball, location: 2F 1-1: Fly out, F9 (Flyball, 89M, EV 87.5 MPH)
|
Batting: LHB Daigo Ishii
|
0-0: Swinging Strike 0-1: Ball 1-1: Called Strike 1-2: Strikes out swinging
|
Batting: RHB Taylor Garofalo
|
0-0: Called Strike 0-1: Ball 1-1: Ball Passed Ball! Juan Bonilla to third 2-1: Ball 3-1: Foul Ball, location: 2F 3-2: Fly out, F3 (Popup, 3SF, EV 68.1 MPH)
|
Top of the 6th over - 0 runs, 1 hit, 0 errors, 1 left on base; Myrtle Beach 6 - Modesto 8 |
BOTTOM OF THE 6TH |
Modesto Nuts batting - Pitching for Myrtle Beach Pelicans : RHP Angel Pesina
|
Batting: LHB Mick Tucker
|
0-0: Foul Ball, location: 2F 0-1: Foul Ball, location: 2F 0-2: Strikes out swinging
|
Batting: RHB Wali Mulogo
|
0-0: Ball 1-0: Called Strike 1-1: Called Strike 1-2: Ball 2-2: Ground out 4-3 (Groundball, 4, EV 85.0 MPH)
|
Batting: RHB Ray Insley
|
0-0: Called Strike 0-1: Foul Ball, location: 2F 0-2: Foul Ball, location: 2F 0-2: Strikes out swinging
|
Bottom of the 6th over - 0 runs, 0 hits, 0 errors, 0 left on base; Myrtle Beach 6 - Modesto 8 |
TOP OF THE 7TH |
Myrtle Beach Pelicans batting - Pitching for Modesto Nuts : RHP Tanner Brazeal
|
Batting: RHB Roy Battist
|
0-0: Called Strike 0-1: Ball 1-1: Swinging Strike 1-2: Ball 2-2: Strikes out looking
|
Batting: LHB Emir Jalil
|
0-0: Called Strike 0-1: Foul Ball, location: 2F 0-2: Fly out, F6 (Popup, 6MS, EV 86.2 MPH)
|
Batting: RHB Denis Rachin
|
0-0: Ball 1-0: Fly out, F8 (Flyball, 78S, EV 76.2 MPH)
|
Top of the 7th over - 0 runs, 0 hits, 0 errors, 0 left on base; Myrtle Beach 6 - Modesto 8 |
BOTTOM OF THE 7TH |
Modesto Nuts batting - Pitching for Myrtle Beach Pelicans : RHP Angel Pesina
|
Batting: RHB Gashie Chimsima
|
0-0: Ball 1-0: Called Strike 1-1: Called Strike 1-2: Ball 2-2: Strikes out swinging
|
Pitching: RHP Velimir Sljivancanin
|
|
Batting: SHB Craig Ruzic
|
0-0: Ball 1-0: Called Strike 1-1: Ball 2-1: Called Strike 2-2: Strikes out swinging
|
Batting: RHB Carlos de Jesus
|
0-0: Ball 1-0: Foul Ball, location: 2F 1-1: Ball 2-1: Ball 3-1: Base on Balls
|
Batting: LHB Tom Bemis
|
0-0: Foul Ball, location: 2F 0-1: Ball 1-1: Ball 2-1: Ball 3-1: Base on Balls Carlos de Jesus to second
|
Batting: SHB Ken Griffey IV
|
0-0: Ball 1-0: Called Strike 1-1: Swinging Strike 1-2: Ball 2-2: Strikes out swinging
|
Bottom of the 7th over - 0 runs, 0 hits, 0 errors, 2 left on base; Myrtle Beach 6 - Modesto 8 |
TOP OF THE 8TH |
Myrtle Beach Pelicans batting - Pitching for Modesto Nuts : RHP Tanner Brazeal
|
Pitching: RHP Zi-cheng Zhou
|
|
Batting: LHB Nate Greening
|
0-0: Ball 1-0: Ball 2-0: Foul Ball, location: 2F 2-1: Foul Ball, location: 2F 2-2: Ball 3-2: Strikes out swinging
|
Batting: RHB Du Kim
|
0-0: Ball 1-0: Ball 2-0: Called Strike 2-1: Fly out, F8 (Flyball, 8LM, EV 93.8 MPH)
|
Batting: RHB Juan Bonilla
|
0-0: Ball 1-0: Foul Ball, location: 2F 1-1: Ball 2-1: Swinging Strike 2-2: Foul Ball, location: 2F 2-2: Strikes out swinging
|
Top of the 8th over - 0 runs, 0 hits, 0 errors, 0 left on base; Myrtle Beach 6 - Modesto 8 |
BOTTOM OF THE 8TH |
Modesto Nuts batting - Pitching for Myrtle Beach Pelicans : RHP Velimir Sljivancanin
|
Pitching: LHP Dusty Blubaugh
|
|
Batting: SHB Brad Madden
|
0-0: Ball 1-0: Foul Ball, location: 2F 1-1: DOUBLE (Line Drive, 9LM, EV 106.9 MPH)
|
Batting: LHB Mick Tucker
|
0-0: Called Strike 0-1: Ground out 5-3 (Groundball, 6S, EV 83.8 MPH)
|
Batting: RHB Wali Mulogo
|
0-0: Called Strike 0-1: Ball 1-1: Called Strike 1-2: Ball 2-2: 2-RUN HOME RUN (Flyball, 7D, EV 91.9 MPH), Distance : 354 ft
|
Batting: RHB Ray Insley
|
0-0: Ground out 6-3 (Groundball, 6, EV 108.1 MPH)
|
Batting: RHB Gashie Chimsima
|
0-0: Ball 1-0: Swinging Strike 1-1: Ball 2-1: Foul Ball, location: 2F 2-2: Strikes out swinging
|
Bottom of the 8th over - 2 runs, 2 hits, 0 errors, 0 left on base; Myrtle Beach 6 - Modesto 10 |
TOP OF THE 9TH |
Myrtle Beach Pelicans batting - Pitching for Modesto Nuts : RHP Zi-cheng Zhou
|
Pitching: RHP Travis Palmisano
|
|
Batting: RHB Josh Asch
|
0-0: Ball 1-0: Called Strike 1-1: Foul Ball, location: 2F 1-2: Ball 2-2: Ball 3-2: Fly out, F4 (Popup, 3S, EV 74.4 MPH)
|
Batting: LHB Daigo Ishii
|
0-0: Called Strike 0-1: Called Strike 0-2: Ball 1-2: Foul Ball, location: 2F 1-2: Ball 2-2: Fly out, F8 (Line Drive, 8LM, EV 93.1 MPH)
|
Batting: RHB Taylor Garofalo
|
0-0: Ball 1-0: Ball 2-0: Ground out 4-3 (Groundball, 34, EV 93.8 MPH)
|
Top of the 9th over - 0 runs, 0 hits, 0 errors, 0 left on base; Myrtle Beach 6 - Modesto 10 |
|